 Dungeon Crawl Stone Soup version 0.28.0-43-g3370ac3207 (webtiles) character file.

Game seed: 11249951374277186592

23 jimonade the Insei (level 2, 0/23 HPs)
             Began as a Gnoll Wanderer on Mar 17, 2022.
             Succumbed to a goblin's poison
             ... on level 1 of the Dungeon.
             The game lasted 00:01:38 (292 turns).

jimonade the Insei (Gnoll Wanderer)                  Turns: 292, Time: 00:01:39

Health: 0/23       AC: 11    Str: 11    XL:     2   Next: 95%
Magic:  5/5        EV:  2    Int:  8    God:
Gold:   28         SH:  0    Dex: 14    Spells: 5/6 levels left

rFire   . . .      SeeInvis .     - Unarmed
rCold   . . .      Faith    .   (no shield)
rNeg    . . .      Spirit   .   i - +0 plate armour
rPois   .          Reflect  .   c - +0 helmet
rElec   .          Harm     .   (no cloak)
rCorr   .          Rampage  .   (no gloves)
Will    .....                   (no boots)
Stlth   ..........              (no amulet)
HPRegen 0.07/turn               (no ring)
MPRegen 0.09/turn               (no ring)

@: lethally poisoned (0 -> -4)
A: fangs 1, strong nose, distributed training
a: no special abilities


You were on level 1 of the Dungeon.
You visited 1 branch of the dungeon, and saw 1 of its levels.

You collected 28 gold pieces.

Inventory:

Hand Weapons
 a - a +0 dagger
Armour
 c - a +0 helmet (worn)
 d - a +0 leather armour
 h - a +0 robe
 i - a +0 plate armour (worn)
Scrolls
 e - a scroll of fear
Potions
 b - a potion of brilliance
 f - a potion of flight {unknown}
 g - a potion of cancellation {unknown}
 j - a potion of curing {unknown}


   Skills:
 + Level 2.5 Fighting
 + Level 0.5 Short Blades
 + Level 0.5 Long Blades
 + Level 0.5 Axes
 + Level 0.5 Maces & Flails
 + Level 0.5 Polearms
 + Level 0.5 Staves
 + Level 0.5 Slings
 + Level 0.5 Bows
 + Level 0.5 Crossbows
 + Level 0.5 Throwing
 + Level 0.5 Armour
 + Level 0.5 Dodging
 + Level 5.9 Stealth
 + Level 0.5 Shields
 + Level 6.5 Unarmed Combat
 + Level 2.7 Spellcasting
 + Level 0.4 Conjurations
 + Level 0.4 Hexes
 + Level 0.4 Summonings
 + Level 0.4 Necromancy
 + Level 0.4 Translocations
 + Level 0.4 Transmutations
 + Level 3.7 Fire Magic
 + Level 0.4 Ice Magic
 + Level 0.4 Air Magic
 + Level 0.4 Earth Magic
 + Level 0.4 Poison Magic
 + Level 0.7 Invocations
 + Level 0.5 Evocations


You had 5 spell levels left.
You knew the following spells:

 Your Spells              Type           Power      Damage    Failure   Level
a - Foxfire               Conj/Fire      16%        2x1d4     100%        1

Your spell library contained the following spells:

 Spells                   Type           Power      Damage    Failure   Level
 Inner Flame              Hex/Fire       4%         N/A       100%        3


Dungeon Overview and Level Annotations

Branches:
Dungeon (1/15)

Altars:


Innate Abilities, Weirdness & Mutations

You have very sharp teeth.
Your uncanny sense of smell can sniff out nearby items.
Your experience applies equally to all skills.


Message History

The ball python bites you. The ball python constricts you.
You completely miss the ball python. The endoplasm freezes you.
You are frozen.
The ball python bites you but does no damage.
The ball python constricts you.
You closely miss the ball python. The endoplasm freezes you.
You are frozen.
The ball python bites you but does no damage.
The ball python constricts you.
You punch the ball python!
You kill the ball python!
The goblin hits you but does no damage.
The endoplasm hits you but does no damage.
A jackal comes into view.
You hit the endoplasm.
You kill the endoplasm!
The goblin hits you but does no damage.
You are poisoned.
You hit the kobold but do no damage.
You feel very sick.
The goblin hits you with a +2 dagger of venom.
The kobold hits you with a +0 club.
* * * LOW HITPOINT WARNING * * *
* * * LOW HITPOINT WARNING * * *
You feel sick.
A jackal comes into view.
The jackal bites you but does no damage.
The kobold barely misses you.
You see here a ball python corpse.
* * * LOW HITPOINT WARNING * * *
You feel sick.
* * * LOW HITPOINT WARNING * * *
You feel sick.
The jackal bites you but does no damage.
You are too injured to fight recklessly!
You are too injured to fight recklessly!
You miss the jackal.
You die...

# ...###.#####.##+#. .. h.
........#....+. ...# .#
........#...##.
.....#+##.#.........'...''.
.............#....#.#...##.
#.......# #.#.##.#...##.
###...Kg###+#.#.##.#...##.
#....#h..........#...###
.......#.@.......###8)8###
........#........##≈≈≈.≈≈≈#
........#.......##≈≈≈.P.≈≈≈
........#......##≈≈P..8..P≈
........#.....†#≈≈≈.......≈
.....##.......#≈P.8..<..8.
#..#....#≈≈≈.......≈
##+##.#_#...##≈≈P..8..P≈
.......#.....##≈≈≈.P.≈≈≈


You could see a jackal, a goblin and a kobold.

Vanquished Creatures
  2 dart slugs (D:1)
  4 endoplasms (D:1)
  3 giant cockroaches (D:1)
  A goblin (D:1)
  5 ball pythons (D:1)
  2 frilled lizards (D:1)
  A kobold (D:1)
  A rat (D:1)
19 creatures vanquished.

Notes
Turn   | Place    | Note
-------+----------+-------------------------------------------
     0 | D:1      | jimonade the Gnoll Wanderer began the quest for the Orb.
     0 | D:1      | jimonade set off with the following items: a +0 dagger, a
                  | potion of brilliance, a +0 helmet, a +0 leather armour, a
                  | scroll of fear; and the following spell memorised: Foxfire;
                  | and the following spells available to memorise: Inner Flame
     0 | D:1      | Reached XP level 1. HP: 17/17 MP: 4/4
   171 | D:1      | Reached XP level 2. HP: 23/23 MP: 5/5
   264 | D:1      | Found a faded altar of an unknown god.
   291 | D:1      | HP: 1/23 [poisoned by a goblin]
   292 | D:1      | Succumbed to a goblin's poison

Illustrated notes

Levels and vault maps discovered:
D:1:      lightli_arrival_statuegarden, layout_basic,
          chequers_ecumenical_altar_simple, chequers_serial_rivers_small_b,
          grunt_decor_one_mirror, kennysheep_doodads

Action                   || total
-------------------------++-------
Melee: Unarmed           ||    44
       Bite              ||     2
Armor: Plate armour      ||    33
       Leather armour    ||     3
Dodge: Dodged            ||     8
